 Dungeon Crawl Stone Soup version 0.27.1-33-g824d729ab1 (webtiles) character file.

Game seed: 12396346874698596012

263 pkoi the Insei (level 5, -5/45 HPs)
             Began as a Draconian Monk on Nov 29, 2021.
             Was a Priest of Nemelex Xobeh.
             Slain by Edmund (12 damage)
             ... on level 4 of the Dungeon.
             The game lasted 00:03:46 (3517 turns).

pkoi the Insei (Draconian Monk)                     Turns: 3517, Time: 00:03:47

Health: -5/45      AC:  5    Str: 13    XL:     5   Next: 97%
Magic:  7/7        EV: 13    Int: 12    God:    Nemelex Xobeh [***...]
Gold:   141        SH:  0    Dex: 19    Spells: 4/4 levels left

rFire    . . .     SeeInvis .     - Unarmed
rCold    . . .     Faith    .   (no shield)
rNeg     . . .     Spirit   .   (armour unavailable)
rPois    .         Reflect  .   (helmet restricted)
rElec    .         Harm     .   (no cloak)
rCorr    .         Rampage  .   (no gloves)
Will     +....                  (no boots)
Stlth    ++........             (no amulet)
HPRegen  0.15/turn              j - ring of willpower
MPRegen  0.10/turn              e - +6 ring of dexterity

@: no status effects
A: AC +5, unfitting armour, cold-blooded
a: Renounce Religion, Draw Escape, Draw Destruction, Draw Summoning, Triple Draw


You were on level 4 of the Dungeon.
You worshipped Nemelex Xobeh.
Nemelex Xobeh was most pleased with you.
You visited 1 branch of the dungeon, and saw 4 of its levels.

You collected 141 gold pieces.

Inventory:

Jewellery
 e - a +6 ring of dexterity (right hand)
 j - a ring of willpower (left hand)
Scrolls
 f - 2 scrolls of amnesia
 g - a scroll of immolation
 i - a scroll of teleportation
 k - a scroll of magic mapping {unknown}
 l - a scroll of identify
Potions
 a - 2 potions of lignification {unknown}
 b - 2 potions of attraction {unknown}
 c - a potion of might
 d - 3 potions of curing {unknown}
 h - a potion of berserk rage {unknown}


   Skills:
 - Level 3.2 Fighting
 - Level 2.6 Dodging
 - Level 1.7 Stealth
 + Level 5.7 Unarmed Combat
 + Level 3.6 Invocations


You had 4 spell levels left.
You didn't know any spells.
Your spell library contained the following spells:

 Spells                   Type           Power      Damage    Failure   Level
 Sandblast                Erth           0%         2d4       32%         1
 Passwall                 Tmut/Erth      0%         N/A       45%         2
 Alistair's Intoxication  Tmut/Pois      0%         N/A       100%        5
 Borgnjor's Vile Clutch   Necr/Erth      0%         N/A       100%        5
 Lee's Rapid Deconstruct  Erth           0%         3d5*      100%        5
 Eringya's Noxious Bog    Tmut/Pois      0%         N/A       100%        6


Dungeon Overview and Level Annotations

Branches:
Dungeon (4/15)
 Temple: D:4-7

Altars:
Nemelex Xobeh

Shops:
D:1 *

Annotations:
D:4 Edmund


Innate Abilities, Weirdness & Mutations

Your plain brown scales are hard. (AC +5)
You cannot fit into any form of body armour.
You are cold-blooded and may be slowed by cold attacks.


Message History

You hit Edmund but do no damage.
Your tail-slap misses Edmund.
Edmund is severely wounded.
Edmund hits you with a +4 flail of protection.
You hit Edmund.
Edmund is severely wounded.
Edmund hits you with a +4 flail of protection!
You hit Edmund but do no damage. You tail-slap Edmund.
Edmund is almost dead.
Edmund closely misses you.
You barely miss Edmund.
Edmund is almost dead.
Edmund hits you with a +4 flail of protection!
You barely miss Edmund.
Edmund is almost dead.
Edmund closely misses you.
You hit Edmund but do no damage.
Edmund is almost dead.
Edmund misses you.
You hit Edmund but do no damage.
Edmund is almost dead.
You hit Edmund but do no damage.
Edmund is almost dead.
Edmund hits you with a +4 flail of protection!
* * * LOW HITPOINT WARNING * * *
You hit Edmund but do no damage.
Edmund is almost dead.
Edmund barely misses you.
You closely miss Edmund.
Edmund is almost dead.
Edmund hits you with a +4 flail of protection.
* * * LOW HITPOINT WARNING * * *
You hit Edmund.
Edmund is almost dead.
Edmund hits you with a +4 flail of protection!
* * * LOW HITPOINT WARNING * * *
You barely miss Edmund.
Edmund is almost dead.
Edmund hits you with a +4 flail of protection!
You die...
Your body disappears without a glow.

#.........## ##..
..# ##..........#
##. .#
#...........##
#............#
.............#
......####...##
....### ##...###
#..##
##......######..
#..#
##...##..@@......
##.##
##...####.........
#..###....#
#.......##
#..##....##
#...#...#
#.......##
...##.....
#..##....# #...#
.... ..#####..#
#.... ... .#
##...# ..... ### #
##...#


You could see Edmund.

Vanquished Creatures
  A jelly (D:4)
  An orc priest (D:4)
  An iguana (D:4)
  An orc wizard (D:3)
  4 gnolls (D:3)
  3 adders
  2 worms (D:2)
  A dart slug (D:1)
  8 orcs (D:3)
  7 endoplasms
  4 giant cockroaches
  6 hobgoblins
  7 jackals
  6 kobolds
  2 quokkas
  6 ball pythons
  2 bats
  A frilled lizard (D:1)
  7 goblins
  8 rats
78 creatures vanquished.

Vanquished Creatures (others)
  A fungus (D:1)
  9 plants
10 creatures vanquished.

Grand Total: 88 creatures vanquished

Notes
Turn   | Place    | Note
-------+----------+-------------------------------------------
     0 | D:1      | pkoi the Draconian Monk began the quest for the Orb.
     0 | D:1      | Reached XP level 1. HP: 19/19 MP: 1/1
   128 | D:1      | Found Vont's Assorted Antiques.
   275 | D:1      | Reached XP level 2. HP: 26/26 MP: 2/2
   633 | D:1      | Reached skill level 4 in Unarmed Combat
   895 | D:1      | Found a faded altar of an unknown god.
   956 | D:1      | Reached XP level 3. HP: 31/31 MP: 3/3
  1155 | D:2      | Found a sparkling altar of Nemelex Xobeh.
  1200 | D:2      | Became a worshipper of Nemelex Xobeh the Trickster
  1200 | D:2      | Reached * piety under Nemelex Xobeh
  1200 | D:2      | Received a gift from Nemelex Xobeh
  1200 | D:2      | Received a gift from Nemelex Xobeh
  1200 | D:2      | Reached ** piety under Nemelex Xobeh
  1539 | D:2      | Reached skill level 1 in Invocations
  1911 | D:3      | Reached XP level 4. HP: 37/38 MP: 4/4
  2080 | D:3      | Reached skill level 5 in Unarmed Combat
  2357 | D:3      | Reached XP level 5. HP: 41/45 MP: 5/7
  2906 | D:3      | Reached *** piety under Nemelex Xobeh
  2972 | D:4      | Received a gift from Nemelex Xobeh
  3498 | D:4      | Noticed Edmund
  3517 | D:4      | Slain by Edmund

Illustrated notes

Levels and vault maps discovered:
D:1:      kennysheep_arrival_forest, layout_loops_ring,
          shapermc_ecumenical_altar_petra, serial_shops,
          nicolae_shop_behind_doors
D:2:      layout_rooms, basic_altar, hangedman_glass_teeth,
          minmay_goblin_outpost
D:3:      layout_basic, guppyfry_early_lair_pool
D:4:      layout_layer_cave, serial_shops, shop_fountains, uniq_edmund

Skill      XL: |  1  2  3  4  5 |
---------------+----------------+-----
Unarmed Combat | 4 5 |  5.7
Invocations    | 1 2 3 |  3.6
Fighting       | |  3.2
Dodging        | |  2.6
Stealth        | |  1.7

Action                   |  1- 3 |  4- 6 || total
-------------------------+-------+-------++-------
Melee: Unarmed           |   151 |   108 ||   259
       Tailslap          |    18 |    13 ||    31
       Punch             |     2 |     2 ||     4
Invok: Draw Destruction  |     2 |     8 ||    10
  Use: Scroll            |     1 |     6 ||     7
 Stab: Sleeping          |     3 |     1 ||     4
       Distracted        |       |     1 ||     1
Armor: Skin              |    37 |    30 ||    67
Dodge: Dodged            |    78 |    64 ||   142
